[Event "*** SCC Grand Prix: Titled Tuesday Blitz"]
[Site "Chess.com"]
[Date "2020.08.25"]
[Round "6"]
[White "Kotofeyca"]
[Black "Borsuk_Konstantin"]
[Result "0-1"]
[WhiteElo "2335"]
[BlackElo "2547"]
[TimeControl "180+1"]
[EndTime "11:08:04 PDT"]
[Termination "Borsuk_Konstantin won by resignation"]

1. d4 Nf6 2. c4 e6 3. Nf3 b6 4. g3 Bb7 5. Bg2 Be7 6. Nc3 Ne4 7. Qc2 Nxc3 8. Qxc3 a5 9. O-O O-O 10.
Rd1 d6 11. Qc2 Qc8 12. Bg5 f6 13. Be3 f5 14. d5 e5 15. Bg5 Qe8 16. Bh3 Bxg5 17. Nxg5 Qh5 18. f4 exf4 19. gxf4 h6 20.
Ne6 Qxh3 21. Nxf8 Kxf8 22. Rd3 Qh5 23. Rg3 Nd7 24. e4 fxe4 25. Qxe4 Nf6 26. Qg2 Qf7 27.
Re1 Re8 28. Rge3 Rxe3 29. Rxe3 Bc8 30. b3 Bf5 31. Qg3 Qh5 32. Re1 Ne4 33. Qg2 Nf6 34. Qg3 Bd7 35. Qe3 Qg6+ 36. Kh1 Bf5 37. Qe7+ Kg8 38.
h3 Be4+ 39. Rxe4 Qxe4+ 40. Qxe4 Nxe4 0-1

[Event "*** SCC Grand Prix: Titled Tuesday Blitz"]
[Site "Chess.com"]
[Date "2020.08.25"]
[Round "6"]
[White "Vamostodorecto"]
[Black "tan275"]
[Result "1-0"]
[WhiteElo "2323"]
[BlackElo "2193"]
[TimeControl "180+1"]
[EndTime "11:08:04 PDT"]
[Termination "Vamostodorecto won on time"]

1. d4 d5 2. c4 e6 3. Nc3 Nf6 4. cxd5 exd5 5. Bg5 Be7 6. Qc2 g6 7. e3 Bf5 8. Qb3 Nc6 9. Bxf6 Bxf6 10. Qxb7 Ne7 11. Bb5+ Kf8 12. Qa6 Kg7 13. Nge2 h5 14. O-O h4 15. h3 g5 16. Bd3 Be6 17.
f4 g4 18. f5 Bc8 19. Qa4 gxh3 20. gxh3 Kh7 21. Kh1 Rg8 22. Rg1 Bd7 23. Qc2 c5 24. Nf4 cxd4 25. exd4 Qc7 26. Nh5 Qd6 27. Qe2 Nc6 28.
Nxf6+ Qxf6 29. Qh5+ Qh6 30. f6+ Rg6 31. Bxg6+ fxg6 32. Qxd5 1-0

[Event "*** SCC Grand Prix: Titled Tuesday Blitz"]
[Site "Chess.com"]
[Date "2020.08.25"]
[Round "6"]
[White "Gareth-Bale11"]
[Black "sergeikim"]
[Result "1-0"]
[WhiteElo "2743"]
[BlackElo "2502"]
[TimeControl "180+1"]
[EndTime "11:08:05 PDT"]
[Termination "Gareth-Bale11 won by checkmate"]

1. d4 Nf6 2. Nf3 g6 3. c4 Bg7 4. Nc3 d6 5. e4 O-O 6. h3 e5 7. d5 a5 8. Be3 Na6 9. g4 Nc5 10. Nd2 Bd7 11. b3 Rc8 12. Be2 c6 13. Rc1 Ne8 14.
h4 Nc7 15. h5 N7a6 16. a3 f5 17. hxg6 hxg6 18. gxf5 gxf5 19. exf5 Bxf5 20. Nf3 a4 21.
bxa4 Qa5 22. Kf1 Ne4 23. Nxe4 Bxe4 24. Rg1 cxd5 25. Ng5 Qc7 26. cxd5 Qxc1 27. Bxc1 Bf5 28. Ne6 Rf7 29. Bg4 Bd3+ 30. Qxd3 Rxc1+ 31. Kg2 Rxg1+ 32. Kxg1 Bh6 33. Qg6+ Bg7 34. Ng5 Re7 35. Be6+ Kf8 36. Nh7# 1-0

[Event "*** SCC Grand Prix: Titled Tuesday Blitz"]
[Site "Chess.com"]
[Date "2020.08.25"]
[Round "6"]
[White "Chernobay_Artem"]
[Black "XiaoKangZhong"]
[Result "1-0"]
[WhiteElo "2572"]
[BlackElo "2421"]
[TimeControl "180+1"]
[EndTime "11:08:06 PDT"]
[Termination "Chernobay_Artem won by resignation"]

1. d4 Nf6 2. c4 g6 3. Nc3 d5 4.
cxd5 Nxd5 5. e4 Nxc3 6. bxc3 Bg7 7. Bc4 O-O 8. Ne2 c5 9. O-O Nc6 10. Be3 Qc7 11. Rc1 b6 12. h4 h5 13. Nf4 e6 14. e5 Rd8 15. Qf3 Bb7 16. Qg3 Qe7 17.
Nxg6 fxg6 18. Qxg6 Re8 19. f4 Qf7 20. Qxf7+ Kxf7 21. f5 Bf8 22. fxe6+ Kg7 23. Rf7+ Kh8 24.
Rxb7 Na5 25. Bd5 Nxb7 26. Bxb7 Rab8 27. Bd5 Rbd8 28. Bb3 Rc8 29. Rf1 cxd4 30. cxd4 Bg7 31. Rf7 Rc3 32. Bg5 Rd3 33. Rxg7 Kxg7 34. d5 Kg6 35.
Bc2 1-0

[Event "*** SCC Grand Prix: Titled Tuesday Blitz"]
[Site "Chess.com"]
[Date "2020.08.25"]
[Round "6"]
[White "elegant285"]
[Black "creativity"]
[Result "1-0"]
[WhiteElo "2366"]
[BlackElo "2039"]
[TimeControl "180+1"]
[EndTime "11:08:06 PDT"]
[Termination "elegant285 won by resignation"]

1. d4 Nf6 2. c4 g6 3. Nc3 Bg7 4.
e4 d6 5. Be2 O-O 6. Bg5 Na6 7.
Nf3 c5 8. d5 Nc7 9. O-O b5 10.
cxb5 a6 11. b6 Nb5 12. Qc2 Qxb6 13. a4 Nd4 14. Nxd4 cxd4 15. Nb1 Rb8 16. Ra2 e6 17. Bc4 Qc5 18. Bxf6 Bxf6 19. Qd3 a5 20. Nd2 Rb4 21. b3 Rb8 22. Rc2 Qa7 23. Rfc1 Bd7 24. g3 h5 25. Kg2 Kg7 26. f4 e5 27. Nf3 Bg4 28. Bb5 Rfc8 29.
fxe5 Bxf3+ 30. Kxf3 Rxc2 31. exf6+ Kxf6 32. Rxc2 h4 33. g4 Kg7 34. Rc6 Rd8 35. Qc4 Rd7 36. Rc8 Re7 37. Re8 Kf6 38. Rxe7 Qxe7 39. Qxd4+ Qe5 40.
Qxe5+ Kxe5 41. Ke3 f6 42. Bd7 g5 43. Bc8 h3 44.
Bd7 f5 45. Bxf5 Kf6 46. Kd4 Ke7 47. e5 1-0

[Event "*** SCC Grand Prix: Titled Tuesday Blitz"]
[Site "Chess.com"]
[Date "2020.08.25"]
[Round "6"]
[White "GoldenShare"]
[Black "mapleaff"]
[Result "1-0"]
[WhiteElo "2498"]
[BlackElo "2339"]
[TimeControl "180+1"]
[EndTime "11:08:07 PDT"]
[Termination "GoldenShare won by resignation"]

1. e4 e5 2. Nf3 Nc6 3. d4 exd4 4.
Nxd4 Nf6 5. Nxc6 dxc6 6. e5 Qxd1+ 7. Kxd1 Ng4 8. Ke1 Nxe5 9. Nc3 Be7 10. f3 O-O 11. Kf2 Re8 12. Be3 Bf5 13. Rc1 Rad8 14. Be2 Bb4 15. Rhd1 f6 16. h3 a6 17. g4 Be6 18. Ne4 Bf7 19. c3 Ba5 20. Nc5 Bb6 21.
Rxd8 Rxd8 22. Nxb7 Rb8 23. Rd1 Bxa2 24. Rd8+ Rxd8 25.
Nxd8 Bc4 26. Nxc6 Bxe2 27. Nxe5 Bd1 28. Bxb6 cxb6 29. Nd7 b5 30. Nc5 a5 31. Nb7 b4 32.
c4 Kf7 33. Nxa5 Ke6 34. Nc6 b3 35. Nd4+ Ke5 36. Ke3 Bc2 37. Nxc2 bxc2 38. Kd2 Kd4 39. b3 c1=Q+ 40. Kxc1 h5 41. gxh5 1-0

[Event "*** SCC Grand Prix: Titled Tuesday Blitz"]
[Site "Chess.com"]
[Date "2020.08.25"]
[Round "6"]
[White "Marty435"]
[Black "ThePatrick27"]
[Result "1/2-1/2"]
[WhiteElo "2620"]
[BlackElo "2463"]
[TimeControl "180+1"]
[EndTime "11:08:08 PDT"]
[Termination "Game drawn - insufficient material"]

1. Nf3 Nf6 2. c4 g6 3. Nc3 Bg7 4. d4 d6 5. e4 b6 6. Bd3 Bb7 7. O-O Nbd7 8. Re1 e5 9. Bf1 exd4 10. Nxd4 O-O 11. Bg5 h6 12. Bf4 Re8 13. f3 Nc5 14. Qd2 Kh7 15. Rad1 Ne6 16. Be3 Nxd4 17. Bxd4 a6 18.
Kh1 h5 19. b3 Ng8 20. Bxg7 Kxg7 21. Qd4+ Qf6 22. Nd5 Qxd4 23. Rxd4 Rac8 24. Rdd1 Ne7 25. Nc3 Nc6 26. Kg1 Ne5 27. Kf2 g5 28. g3 Rf8 29.
Bg2 f5 30. exf5 Rxf5 31. Nd5 Bxd5 32. Rxd5 Rcf8 33. Kg1 Nxf3+ 34. Bxf3 Rxf3 35. Rxg5+ Kh6 36. Rd5 R8f7 37. Re6+ R3f6 38. Rxf6+ Rxf6 39. Kg2 Kg6 40. h3 Re6 41. Kf3 Re1 42. Rd2 Kf5 43. Rf2 c6 44. Rd2 Re6 45. g4+ hxg4+ 46. hxg4+ Kg5 47. Rh2 Rf6+ 48. Kg3 Re6 49. Rh5+ Kg6 50. Kf4 b5 51. cxb5 axb5 52.
a4 bxa4 53. bxa4 d5 54. Re5 Rf6+ 55. Rf5 Rd6 56. a5 d4 57. a6 d3 58. a7 Rd8 59.
Ra5 d2 60. Ra1 c5 61. Ke3 c4 62. Ke2 c3 63. a8=Q d1=Q+ 64. Rxd1 Rxa8 65. Kd3 Rd8+ 66. Kc2 Rxd1 67. Kxd1 Kg5 68. Kc2 Kxg4 69. Kxc3 1/2-1/2

[Event "*** SCC Grand Prix: Titled Tuesday Blitz"]
[Site "Chess.com"]
[Date "2020.08.25"]
[Round "6"]
[White "RobertoJBM"]
[Black "mbojan"]
[Result "1-0"]
[WhiteElo "2650"]
[BlackElo "2776"]
[TimeControl "180+1"]
[EndTime "11:08:09 PDT"]
[Termination "RobertoJBM won by resignation"]

1. d4 Nf6 2. c4 c5 3. d5 b5 4.
cxb5 a6 5. b6 e6 6. Nc3 exd5 7.
Nxd5 Nxd5 8. Qxd5 Nc6 9. e4 Be7 10. Bc4 O-O 11. Nf3 Rb8 12. O-O Rxb6 13. b3 Na5 14. Be2 Bb7 15. Qd3 Re6 16. Nd2 Bf6 17. Rb1 d5 18. exd5 Qxd5 19. Qxd5 Bxd5 20. Bf3 Bxf3 21.
Nxf3 Nc6 22. Ba3 Nb4 23. Bxb4 cxb4 24. Rfe1 Rxe1+ 25. Rxe1 Rc8 26. Kf1 g6 27. g3 Kg7 28.
h4 h5 29. Re2 Rc1+ 30. Re1 Rc6 31. Re4 a5 32. Re2 Kf8 33. Kg2 Rc1 34. Ng1 Bc3 35. Nh3 Rd1 36. Nf4 Bf6 37. Kf3 Be7 38. Rc2 Bd6 39. Ke2 Ra1 40. Nd5 Be5 41. Nb6 Ke7 42. Nc4 Bc7 43. Rd2 Ke6 44. Kf3 Rc1 45. Ke2 a4 46. Nb2 axb3 47. axb3 Rc3 48. Nd3 Rxb3 49.
Nc5+ 1-0

[Event "*** SCC Grand Prix: Titled Tuesday Blitz"]
[Site "Chess.com"]
[Date "2020.08.25"]
[Round "6"]
[White "mortngabriel"]
[Black "checkitas"]
[Result "1-0"]
[WhiteElo "2449"]
[BlackElo "2217"]
[TimeControl "180+1"]
[EndTime "11:08:09 PDT"]
[Termination "mortngabriel won by checkmate"]

1. e4 e6 2. Nf3 d5 3. e5 c5 4.
b4 cxb4 5. a3 Nc6 6. axb4 Bxb4 7.
c3 Be7 8. d4 Nh6 9. Bd3 Nf5 10.
O-O h5 11. Ba3 g5 12. Bxf5 exf5 13. Bxe7 Qxe7 14. Na3 g4 15. Ne1 h4 16. Nb5 f6 17.
exf6 Qd7 18. Nd3 Kf7 19. Nxa7 Kxf6 20. Nxc8 Rhxc8 21. Qd2 Qh7 22. Qf4 Rxa1 23. Rxa1 Re8 24. Qd6+ Re6 25. Qxd5 g3 26. fxg3 hxg3 27. hxg3 Ne7 28.
Qxb7 Re3 29. Ra6+ Kg5 30. Ne5 Re1+ 31. Kf2 Rxe5 32. dxe5 Qf7 33. Ra7 Qc4 34. Qxe7+ Kg4 35. Qh4# 1-0

[Event "*** SCC Grand Prix: Titled Tuesday Blitz"]
[Site "Chess.com"]
[Date "2020.08.25"]
[Round "6"]
[White "jacky72"]
[Black "DishonorOnYourCow"]
[Result "0-1"]
[WhiteElo "2527"]
[BlackElo "2359"]
[TimeControl "180+1"]
[EndTime "11:08:09 PDT"]
[Termination "DishonorOnYourCow won by checkmate"]

1. e4 e5 2. Nf3 Nc6 3. Bc4 Bc5 4. b4 Bxb4 5. c3 Ba5 6. d4 d6 7. O-O Bb6 8. dxe5 dxe5 9. Qa4 Bd7 10. Rd1 Nd4 11.
Qb4 Nxf3+ 12. gxf3 Qf6 13. Be2 O-O-O 14. Na3 Qg6+ 15.
Kh1 Bxf2 16. Rb1 Bb6 17. Be3 Nf6 18. Bxb6 cxb6 19. Rg1 Qh6 20. Nc4 Qh5 21. a4 Bc6 22. Nd6+ Kb8 23. a5 b5 24. a6 b6 25. Nxb5 Nxe4 26.
Rxg7 Nf2+ 27. Kg2 Rd2 28. Qe7 Qh3+ 29. Kxf2 Qxf3+ 30. Kg1 Qe3+ 31. Kf1 Qxe2+ 32. Kg1 Qf2# 0-1

[Event "*** SCC Grand Prix: Titled Tuesday Blitz"]
[Site "Chess.com"]
[Date "2020.08.25"]
[Round "6"]
[White "The_Chess_Coach"]
[Black "MashaFromRussia"]
[Result "1-0"]
[WhiteElo "2218"]
[BlackElo "2398"]
[TimeControl "180+1"]
[EndTime "11:08:09 PDT"]
[Termination "The_Chess_Coach won by resignation"]

1. d4 Nf6 2. c4 g6 3. Nc3 Bg7 4. e4 d6 5. Nf3 O-O 6. Be2 e5 7. Be3 exd4 8. Nxd4 Re8 9. f3 c6 10. Qd2 d5 11. cxd5 cxd5 12. O-O dxe4 13. fxe4 Nxe4 14.
Nxe4 Rxe4 15. Rad1 Qe8 16. Bc4 Bxd4 17. Bxd4 Be6 18. Bxe6 Rxe6 19. Bf6 Nc6 20. Qh6 Qf8 21. Qh4 Rae8 22. Rd7 Re4 23. Qg5 Rb4 24. Rc7 Qd6 25.
Rxf7 Rbe4 26. Rg7+ Kh8 27. Rxg6+ 1-0

[Event "*** SCC Grand Prix: Titled Tuesday Blitz"]
[Site "Chess.com"]
[Date "2020.08.25"]
[Round "6"]
[White "DrMamaliga"]
[Black "Makswolf200817"]
[Result "0-1"]
[WhiteElo "2213"]
[BlackElo "2387"]
[TimeControl "180+1"]
[EndTime "11:08:09 PDT"]
[Termination "Makswolf200817 won by resignation"]

1. c4 e5 2. Nc3 Nc6 3. Nf3 g6 4. d4 exd4 5. Nxd4 Bg7 6. Nxc6 bxc6 7. g3 Nf6 8. Bg2 O-O 9. O-O Rb8 10. Rb1 Re8 11.
Bg5 h6 12. Bf4 Nh5 13. Be3 Ba6 14. Qd3 d5 15. b3 d4 16. Bxc6 dxe3 17. Bxe8 Qxd3 18. exd3 Bxc3 19. Bc6 e2 20. Rfe1 Bxe1 21. Rxe1 Bb7 22. Bxb7 Rxb7 23. Rxe2 Kf8 24. d4 Nf6 25. d5 Rb6 26. h3 Ra6 27. f4 Nd7 28. Kf2 Nc5 29. Ke3 Ke7 30. Kd4+ Kd6 31. b4 Na4 32. c5+ Kd7 33. Kc4 Rf6 34. Kb3 Ra6 35. b5 Ra5 36.
Kb4 Rxb5+ 37. Kxa4 Rxc5 38. Re5 Rc3 39. Ka5 Rxg3 40. a4 Rxh3 41. Ka6 Ra3 42. a5 h5 43.
Re2 Kd6 44. Rc2 h4 45. Rc6+ Kxd5 46. Rxc7 Ke6 47. Rxa7 h3 48. Ra8 Kf5 49. Rh8 Kxf4 50. Kb6 g5 51. a6 f5 52. a7 g4 0-1

[Event "*** SCC Grand Prix: Titled Tuesday Blitz"]
[Site "Chess.com"]
[Date "2020.08.25"]
[Round "6"]
[White "EndGameDestroyer"]
[Black "niki_2003"]
[Result "1-0"]
[WhiteElo "2249"]
[BlackElo "1661"]
[TimeControl "180+1"]
[EndTime "11:08:11 PDT"]
[Termination "EndGameDestroyer won on time"]

1. e4 c5 2. f4 a6 3. Nf3 b5 4. c4 Bb7 5. e5 bxc4 6. Bxc4 e6 7. O-O d5 8. exd6 Bxd6 9. d4 Nf6 10.
f5 cxd4 11. fxe6 O-O 12. exf7+ Kh8 13. Bg5 Bc5 14. Nbd2 h6 15. Ne5 d3+ 16. Kh1 Nbd7 17. Ng6+ Kh7 18. Bxd3 hxg5 19. Nxf8+ Kh8 20. Ng6+ Kh7 21.
Rc1 Qb6 22. Rxf6 Nxf6 23. Rxc5 1-0

[Event "*** SCC Grand Prix: Titled Tuesday Blitz"]
[Site "Chess.com"]
[Date "2020.08.25"]
[Round "6"]
[White "WonderChampion"]
[Black "AungTZ"]
[Result "0-1"]
[WhiteElo "1971"]
[BlackElo "2136"]
[TimeControl "180+1"]
[EndTime "11:08:11 PDT"]
[Termination "AungTZ won by checkmate"]

1. d4 Nf6 2. Bg5 Ne4 3. Bf4 d5 4. f3 Nf6 5. Nd2 e6 6. c3 Be7 7. e4 O-O 8. Bd3 c5 9. Ne2 Nc6 10. Bc2 cxd4 11. cxd4 Qb6 12. e5 Nd7 13. Be3 Ncxe5 14.
Nb3 Nc4 15. Qd3 g6 16. Bc1 Bb4+ 17. Nd2 Bxd2+ 18. Bxd2 Nxb2 19. Qc3 Nc4 20. Bh6 Re8 21.
O-O Nf6 22. Bb3 Bd7 23. Rac1 Rab8 24. Bxc4 dxc4 25. Qxc4 Bb5 26. Qc2 Qa6 27. Rfe1 Bxe2 28. Rxe2 Nd5 29. Qd2 Rbc8 30. Rce1 Qc4 31. Re4 Qc3 32.
Qg5 f6 33. Qh4 Rc6 34. Qh3 f5 35. Re5 Qxd4+ 36. Kh1 Nf4 37. Bxf4 Qxf4 38. R5e2 Rc1 39. Re3 Qxe3 40. Rxc1 Qxc1# 0-1

[Event "*** SCC Grand Prix: Titled Tuesday Blitz"]
[Site "Chess.com"]
[Date "2020.08.25"]
[Round "6"]
[White "Spalir"]
[Black "Mikasinski"]
[Result "1-0"]
[WhiteElo "2584"]
[BlackElo "2348"]
[TimeControl "180+1"]
[EndTime "11:08:12 PDT"]
[Termination "Spalir won on time"]

1. d4 Nf6 2. Nf3 g6 3. c4 Bg7 4. Nc3 d6 5. g3 O-O 6. Bg2 Nc6 7. O-O a6 8. a4 e5 9. dxe5 dxe5 10. Bg5 Qxd1 11. Rfxd1 Be6 12. Nd2 Na5 13. c5 c6 14. b4 Nc4 15. a5 h6 16. Bxf6 Bxf6 17.
Nxc4 Bxc4 18. Ne4 Bg7 19. Rd7 f5 20. Nd6 Bxe2 21. Rxb7 e4 22. Re1 Bd3 23. Rb6 Rab8 24. Bf1 Bc3 25. Rc1 Bxb4 26. Rxc6 Ba3 27. Rd1 Rb3 28. Nc4 Kg7 29. Ne5 Rf6 30. Rc7+ Kg8 31. Bxd3 exd3 32. Rxd3 Rxd3 33. Nxd3 Kf8 34. Rb7 Rc6 35.
Rb6 Rc8 36. Kg2 Rd8 37. Rb3 1-0

[Event "*** SCC Grand Prix: Titled Tuesday Blitz"]
[Site "Chess.com"]
[Date "2020.08.25"]
[Round "6"]
[White "narutosmith"]
[Black "GameOverBro"]
[Result "0-1"]
[WhiteElo "2279"]
[BlackElo "2443"]
[TimeControl "180+1"]
[EndTime "11:08:12 PDT"]
[Termination "GameOverBro won on time"]

1. c4 Nf6 2. Nc3 g6 3. g3 Bg7 4.
Bg2 O-O 5. d3 c5 6. a3 d6 7. Rb1 Nc6 8. b4 Nd7 9. Bd2 cxb4 10. axb4 a5 11. b5 Nb4 12. Nf3 Nc5 13.
O-O Bf5 14. Na4 Nxa4 15. Qxa4 Nxd3 16. exd3 Bxd3 17. Rfe1 Bxb1 18. Rxb1 b6 19. Be3 Rc8 20. Nd4 Bxd4 21. Bxd4 Qc7 22. Rc1 Rfd8 23. Bc6 d5 24.
cxd5 Rxd5 25. Be3 Rd3 26. Be4 Rc3 27. Rd1 Qe5 28. Bf4 Qc5 29. Be3 Rxe3 30. fxe3 Qxe3+ 31. Kh1 Qe2 32. Qd4 Rc4 33. Qd8+ Kg7 34. Qd3 Rxe4 35. Qxe2 Rxe2 0-1

[Event "*** SCC Grand Prix: Titled Tuesday Blitz"]
[Site "Chess.com"]
[Date "2020.08.25"]
[Round "6"]
[White "PauloCesarCosta_sad"]
[Black "Annagozel"]
[Result "1-0"]
[WhiteElo "2270"]
[BlackElo "1853"]
[TimeControl "180+1"]
[EndTime "11:08:12 PDT"]
[Termination "PauloCesarCosta_sad won by resignation"]

1. Nf3 d5 2. d4 Nf6 3. c4 e6 4. Nc3 Be7 5. Bg5 h6 6. Bh4 b6 7. e3 Bb7 8. cxd5 exd5 9. Bd3 O-O 10. O-O Ne4 11. Bxe7 Qxe7 12. Qb3 Nxc3 13. Qxc3 c5 14. dxc5 bxc5 15. Rac1 Nd7 16. Bf5 c4 17. Rfd1 Nb6 18.
Rd4 Qf6 19. Qc2 g6 20. Bg4 h5 21. Bh3 Rfe8 22. Rcd1 Re4 23. Qc3 Rae8 24. Rxe4 Qd8 25. Rxe8+ Qxe8 26. Qe5 Qxe5 27. Nxe5 Na4 28. b3 Nc3 29.
Ra1 Ba6 30. bxc4 dxc4 31. Bd7 Kg7 32. h4 f6 33. Nf3 Kf7 34. Nd4 Ke7 35. Be6 Ne4 36.
Bg8 Kf8 37. Bd5 Nd2 38. Nf3 Nxf3+ 39. gxf3 Ke7 40. Rc1 Kd6 41. Bxc4 Bb7 42. e4 Ke5 43. Bd5 Kf4 44. Bxb7 1-0

[Event "*** SCC Grand Prix: Titled Tuesday Blitz"]
[Site "Chess.com"]
[Date "2020.08.25"]
[Round "6"]
[White "arminmusovic"]
[Black "Aradej"]
[Result "1-0"]
[WhiteElo "2586"]
[BlackElo "2427"]
[TimeControl "180+1"]
[EndTime "11:08:13 PDT"]
[Termination "arminmusovic won by resignation"]

1. a3 e5 2. Nc3 d5 3. d4 e4 4.
Bf4 c6 5. e3 Ne7 6. h4 h5 7.
Be2 g6 8. Be5 Rh7 9. f4 Nf5 10.
Bxb8 Rxb8 11. Qd2 Be7 12. O-O-O Bxh4 13. Nh3 Be6 14. Rdg1 Kd7 15. Nd1 b5 16. g4 hxg4 17. Bxg4 Rh8 18. Kb1 Kc7 19. Bxf5 Bxf5 20. Ng5 Bxg5 21.
Rxh8 Qxh8 22. fxg5 Kb7 23. a4 a6 24. a5 Qd8 25.
Rh1 Qxg5 26. Qb4 Qd8 27. Rh7 Qc7 28. Nc3 g5 29. Rg7 Bg6 30. Ne2 Rd8 31. Qc3 Qd6 32. b4 Rh8 33. Nc1 g4 34. Nb3 g3 35. Nc5+ Ka7 36.
Qe1 g2 37. Qf2 Rh1+ 38. Kb2 g1=Q 39. Rxf7+ Kb8 40. Rf8+ Kc7 41. Rf7+ Kd8 42. Nb7+ 1-0

[Event "*** SCC Grand Prix: Titled Tuesday Blitz"]
[Site "Chess.com"]
[Date "2020.08.25"]
[Round "6"]
[White "Artem_Sadovsky"]
[Black "abykhovsky"]
[Result "0-1"]
[WhiteElo "2566"]
[BlackElo "2778"]
[TimeControl "180+1"]
[EndTime "11:08:14 PDT"]
[Termination "abykhovsky won by resignation"]

1. Nf3 c5 2. g3 Nc6 3. Bg2 g6 4. O-O Bg7 5. e3 d5 6. d4 cxd4 7. exd4 Nf6 8. c3 O-O 9. Re1 Bf5 10. Bf4 b5 11. a3 e6 12. Ne5 Nxe5 13. Bxe5 Bxb1 14.
Qxb1 Ne8 15. Bxg7 Kxg7 16. Qd3 Rb8 17. h4 h5 18. Re5 Nd6 19. Re2 a5 20. Rae1 b4 21.
axb4 axb4 22. Bh3 bxc3 23. bxc3 Rc8 24. Re5 Ne4 25. c4 Nf6 26. c5 Ra8 27. R5e2 Ra4 28.
Rd1 Qa5 29. Rc2 Rb8 30. c6 Qc7 31. Re1 Rbb4 32. Bxe6 fxe6 33. Rxe6 Rb1+ 34. Kg2 Raa1 35. Rce2 Rg1+ 36. Kf3 Ne4 37. Rxg6+ Kxg6 38. Rxe4 dxe4+ 39. Qxe4+ Kf6 40. Qe3 Qxc6+ 41. Kf4 Qd6+ 0-1

[Event "*** SCC Grand Prix: Titled Tuesday Blitz"]
[Site "Chess.com"]
[Date "2020.08.25"]
[Round "6"]
[White "topotun"]
[Black "AlexSuv"]
[Result "1-0"]
[WhiteElo "2708"]
[BlackElo "2482"]
[TimeControl "180+1"]
[EndTime "11:08:15 PDT"]
[Termination "topotun won by resignation"]

1. e4 c5 2. Nf3 e6 3. d4 cxd4 4.
Nxd4 Nc6 5. Nc3 Qc7 6. Be3 a6 7. Be2 Nf6 8. a3 Be7 9. f4 d6 10. g4 O-O 11. g5 Nd7 12. h4 b5 13. Nxc6 Qxc6 14. Qd4 Bb7 15. O-O-O e5 16. Qd2 exf4 17. Bxf4 Ne5 18. Nd5 Rfe8 19. Kb1 Bf8 20. h5 Nc4 21. Bxc4 bxc4 22. h6 c3 23. Nxc3 Rac8 24. Bxd6 Rcd8 25. hxg7 Bxd6 26. g6 fxg6 27. Qh6 Kf7 28. Qxh7 Rg8 29. Rhf1+ Ke7 30. Qxg6 Qc4 31. Qf6+ Ke8 32. Qg6+ Ke7 33.
Qg5+ Ke8 34. e5 Be7 35. Qg6+ 1-0

[Event "*** SCC Grand Prix: Titled Tuesday Blitz"]
[Site "Chess.com"]
[Date "2020.08.25"]
[Round "6"]
[White "Spriteball"]
[Black "Gerodot71"]
[Result "0-1"]
[WhiteElo "2226"]
[BlackElo "2419"]
[TimeControl "180+1"]
[EndTime "11:08:15 PDT"]
[Termination "Gerodot71 won on time"]

1. c4 e5 2. Nc3 Nf6 3. Nf3 Nc6 4. g3 d5 5. cxd5 Nxd5 6. Bg2 Nb6 7. O-O Bd6 8. d3 O-O 9. Be3 f6 10. Rc1 Be6 11.
Ne4 Be7 12. a3 Qd7 13. b4 Rac8 14. Bc5 Bd6 15. a4 Nd5 16. b5 Nce7 17. Qd2 b6 18.
Be3 Nxe3 19. fxe3 Nd5 20. Rc6 Bb4 21. Qc1 Be7 22. Qd2 Rfd8 23. Ne1 Nb4 24. Rc1 c5 25. Nc2 Nd5 26. Na3 Nc7 27. Nc3 Bf8 28. Bb7 Rb8 29. Bg2 c4 30. Nc2 cxd3 31. exd3 Qxd3 32. Qxd3 Rxd3 33. Ne4 Rbd8 34. Ne1 R3d7 35. Rf2 Nd5 36.
Re2 Bg4 37. Nf3 f5 38. Nxe5 Bxe2 39. Nxd7 Rxd7 40. Ng5 h6 41. Nh3 Bc5 42. Re1 Bg4 43.
Nf4 Bxe3+ 44. Kh1 Bxf4 0-1

[Event "*** SCC Grand Prix: Titled Tuesday Blitz"]
[Site "Chess.com"]
[Date "2020.08.25"]
[Round "6"]
[White "Siniauski"]
[Black "Guenplen"]
[Result "1/2-1/2"]
[WhiteElo "2518"]
[BlackElo "2884"]
[TimeControl "180+1"]
[EndTime "11:08:16 PDT"]
[Termination "Game drawn by repetition"]

1. e4 c5 2. Nf3 e6 3. c4 Nc6 4.
Nc3 Nge7 5. d4 Nxd4 6. Nxd4 cxd4 7.
Qxd4 Nc6 8. Qd1 Bc5 9. Be2 d6 10. O-O O-O 11. a3 e5 12. Nd5 Be6 13. b4 Bd4 14. Rb1 a5 15. b5 Bxd5 16. cxd5 Nb8 17. Bg4 Nd7 18. Bxd7 Qxd7 19. Be3 Bxe3 20. fxe3 Rac8 21.
Qd2 Qc7 22. Rbc1 Qb6 23. a4 h6 24. Rc3 Rc5 25. Rxc5 Qxc5 26. Rc1 Qa3 27. Rc4 Qb3 28. Qc1 f5 29. Rc8 Rxc8 30. Qxc8+ Kh7 31. Qxf5+ Kh8 32. Qf8+ Kh7 33. Qf5+ Kh8 34. Qc8+ Kh7 35. Qf5+ 1/2-1/2

[Event "*** SCC Grand Prix: Titled Tuesday Blitz"]
[Site "Chess.com"]
[Date "2020.08.25"]
[Round "6"]
[White "chesslh19"]
[Black "ketster"]
[Result "0-1"]
[WhiteElo "2212"]
[BlackElo "2437"]
[TimeControl "180+1"]
[EndTime "11:08:16 PDT"]
[Termination "ketster won by resignation"]

1. e4 e5 2. Nf3 Nc6 3. Bb5 a6 4. Bxc6 dxc6 5. O-O Be7 6. Re1 Bf6 7. d4 Bg4 8. dxe5 Qxd1 9. Rxd1 Bxe5 10. Nc3 Bxc3 11. bxc3 Bxf3 12. gxf3 Ne7 13. Bf4 Rc8 14. Rab1 b6 15.
Rd2 Ng6 16. Bg3 h5 17. h3 Ke7 18. Rbd1 Rhd8 19. Kf1 Rxd2 20. Rxd2 Rd8 21. Rd3 Rd7 22.
Ke2 c5 23. c4 c6 24. Ra3 a5 25. Rb3 Rb7 26. a4 h4 27. Bh2 Nf8 28. Rd3 Ne6 29. c3 b5 30. cxb5 cxb5 31. Bd6+ Ke8 32. axb5 Rxb5 33. Be5 f6 34. Bd6 a4 35. e5 Nf4+ 36. Ke3 Nxd3 37. Kxd3 a3 38. exf6 gxf6 39. c4 a2 40.
cxb5 a1=Q 41. b6 Qb1+ 42. Kc4 Qxb6 43. Bxc5 Qc6 44. Kd4 Qxf3 45. Kc4 Qxh3 0-1

[Event "*** SCC Grand Prix: Titled Tuesday Blitz"]
[Site "Chess.com"]
[Date "2020.08.25"]
[Round "6"]
[White "MarceloPlaya"]
[Black "ChessWarrior3"]
[Result "0-1"]
[WhiteElo "2359"]
[BlackElo "2130"]
[TimeControl "180+1"]
[EndTime "11:08:17 PDT"]
[Termination "ChessWarrior3 won on time"]

1. e4 c5 2. Nf3 d6 3. d4 cxd4 4. Nxd4 Nf6 5. Nc3 a6 6. Bg5 e6 7.
f4 h6 8. Bxf6 Qxf6 9. Qd2 Nc6 10. Nf3 Be7 11. O-O-O O-O 12. g4 Qg6 13. h3 b5 14. Bd3 Nb4 15. Kb1 Bb7 16. f5 exf5 17. exf5 Qf6 18. Ne4 Bxe4 19. Bxe4 d5 20. Bd3 Rfd8 21.
h4 Nxd3 22. Qxd3 a5 23. g5 Qd6 24. f6 Bf8 25. fxg7 Bxg7 26. gxh6 Qxh6 27. Rhg1 Qf6 28. Nd4 Rac8 29. c3 b4 30. Nf5 bxc3 31. Rxg7+ Qxg7 32. Nxg7 c2+ 33. Kc1 cxd1=N+ 34. Kxd1 Kxg7 35. Qd4+ Kg8 36. Qg4+ Kf8 37. h5 Rc6 38. Qd4 Rh6 39. Qc5+ Ke8 40. Qb5+ Rd7 41. Qb8+ Ke7 42. Qe5+ Re6 43. Qg5+ f6 44.
Qg7+ Kd6 45. Qf8+ Rde7 46. h6 Re1+ 0-1

[Event "*** SCC Grand Prix: Titled Tuesday Blitz"]
[Site "Chess.com"]
[Date "2020.08.25"]
[Round "6"]
[White "Meri-Arabidze"]
[Black "ljuks68"]
[Result "1-0"]
[WhiteElo "2605"]
[BlackElo "2442"]
[TimeControl "180+1"]
[EndTime "11:08:18 PDT"]
[Termination "Meri-Arabidze won on time"]

1. d4 d5 2. c4 c6 3. Nf3 Nf6 4. cxd5 cxd5 5. Nc3 Nc6 6. Bf4 Bf5 7. e3 e6 8. Qb3 Bb4 9. Bb5 O-O 10. O-O Qe7 11. Bg5 Bd6 12. Na4 Rac8 13. Rfc1 Na5 14.
Qd1 a6 15. Bd3 b5 16. Nc5 Bxc5 17. Bxf5 Ba3 18. Bxh7+ Kxh7 19. bxa3 Qxa3 20. Bxf6 gxf6 21. Rc2 Nc4 22. Rac1 Qe7 23. Ne1 Rh8 24. Nd3 Rcg8 25. Nf4 Rg5 26. g3 Kg7 27. Qf3 Kg8 28. e4 dxe4 29.
Qxe4 e5 30. Nd5 Qe6 31. dxe5 Rxe5 32. Qg4+ Qxg4 33. Nxf6+ Kg7 34. Nxg4 Re4 35. f3 1-0